 Dungeon Crawl Stone Soup version 0.30-a0-424-g7412bad402 (webtiles) character file.

Game seed: 4579823678743723075

44 Sabo the Trooper (level 3, -2/61 HPs)
             Began as an Ogre Berserker on Dec 9, 2022.
             Was a Believer of Trog.
             Slain by a bullfrog (3 damage)
             ... on level 3 of the Dungeon.
             The game lasted 00:10:50 (2033 turns).

Sabo the Trooper (Ogre Berserker)                   Turns: 2033, Time: 00:10:50

Health: -2/61      AC:  3    Str: 23    XL:     3   Next: 62%
Magic:  3/3        EV: 10    Int:  8    God:    Trog [**....]
Gold:   161        SH:  0    Dex:  8    Spells: 2/2 levels left

rFire   . . .      SeeInvis .    j - +2 scimitar (vamp)
rCold   . . .      Faith    .    (no shield)
rNeg    . . .      Spirit   .    b - +0 animal skin
rPois   .          Reflect  .    (helmet restricted)
rElec   .          Harm     .    (no cloak)
rCorr   .          Rampage  .    (gloves unavailable)
Will    .....                    (boots unavailable)
Stlth   ..........               (no amulet)
HPRegen 0.30/turn                (no ring)
MPRegen 0.08/turn                (no ring)

@: berserking, very quick
A: large, unfitting armour, tough skin 1
a: Renounce Religion, Berserk, Trog's Hand


You were on level 3 of the Dungeon.
You worshipped Trog.
Trog was pleased with you.
You visited 1 branch of the dungeon, and saw 3 of its levels.

You collected 161 gold pieces.

Inventory:

Hand Weapons
 a - a +0 hand axe
 j - a +2 vampiric scimitar (weapon)
Missiles
 g - 5 poisoned darts (quivered)
Armour
 b - a +0 animal skin (worn)
Jewellery
 n - the ring "Xohezuax" {rElec AC+4 Stlth+}
   (You found it on level 3 of the Dungeon)

   [ring of protection]

   AC:        It affects your AC (+4).
   rElec:     It insulates you from electricity.
   Stlth:     It makes you more stealthy.
Scrolls
 d - a scroll of silence
 e - a scroll of teleportation {unknown}
 h - 2 scrolls of enchant armour {unknown}
 m - a scroll of amnesia {unknown}
Potions
 c - a potion of haste {unknown}
 f - a potion of flight {unknown}
 i - 2 potions of cancellation {unknown}
 k - a potion of invisibility {unknown}
 l - a potion of magic {unknown}


   Skills:
 + Level 4.8 Fighting
 + Level 3.6 Axes
 + Level 3.0 Dodging
 + Level 0.1 Stealth


You had 2 spell levels left.
You didn't know any spells.
Your spell library was empty.

Dungeon Overview and Level Annotations

Branches:
Dungeon (3/15)

Altars:
Kikubaaqudgha

Annotations:
D:3 3 runed translucent doors, MakMorn's ghost, weakling AtFi


Innate Abilities, Weirdness & Mutations

You are too large for most types of armour.
You have tough skin. (AC +1)


Message History

You kill the orc!
Trog accepts your kill.
You hit the frilled lizard.
You kill the frilled lizard!
Trog accepts your kill.
Things that are here:
a +3 hand axe; a frilled lizard corpse The bullfrog croaks.
The bullfrog closely misses you.
You hit the bullfrog but do no damage. The bullfrog barely misses you.
The bullfrog swells and bulges.
The bullfrog hits you.
You closely miss the bullfrog.
The bullfrog hits you but does no damage.
The bullfrog hits you.
You hit the bullfrog.
The bullfrog is lightly wounded.
The bullfrog hits you. x2
You hit the bullfrog.
The bullfrog is moderately wounded.
The bullfrog hits you. The bullfrog hits you! The bullfrog closely misses you.
You slash the bullfrog!
You feel better.
The bullfrog is almost dead.
The bullfrog hits you! The bullfrog hits you.
* * * LOW HITPOINT WARNING * * *
You closely miss the bullfrog.
The bullfrog is almost dead.
The bullfrog hits you but does no damage.
The bullfrog barely misses you.
A red film seems to cover your vision as you go berserk!
You feel yourself moving faster!
You feel mighty! The bullfrog hits you.
* * * LOW HITPOINT WARNING * * *
You barely miss the bullfrog. Your punch misses the bullfrog.
The bullfrog is almost dead.
The bullfrog hits you.
* * * LOW HITPOINT WARNING * * *
You closely miss the bullfrog.
The bullfrog is almost dead.
The bullfrog hits you.
You die...

#.# #.####.#####.#
#.####..........<.#
#....................#
######..#.#....#####.#
#..# ####. .. #).#.# #
## #..#.## #.....###.
#.@F>..... ##....###.
#.#.## #.#.# #.#.# #..
###


You could see a bullfrog.

Vanquished Creatures
  A worm (D:2)
  2 dart slugs
  An orc (D:3)
  5 ball pythons
  3 endoplasms
  4 giant cockroaches
  4 hobgoblins
  4 quokkas
  A frilled lizard (D:3)
  3 goblins
  3 kobolds
31 creatures vanquished.

Notes
Turn   | Place    | Note
-------+----------+-------------------------------------------
     0 | D:1      | Sabo the Ogre Berserker began the quest for the Orb.
     0 | D:1      | Reached XP level 1. HP: 24/24 MP: 1/1
   387 | D:1      | Reached XP level 2. HP: 27/32 MP: 2/2
  1024 | D:2      | Reached XP level 3. HP: 40/40 MP: 3/3
  1254 | D:2      | Found an ancient bone altar of Kikubaaqudgha.
  1381 | D:2      | Reached ** piety under Trog
  1863 | D:3      | Noticed MakMorn's ghost (weakling AtFi)
  1896 | D:3      | Found a runed translucent gate.
  1896 | D:3      | Found a runed translucent gate.
  1896 | D:3      | Found a runed translucent gate.
  1926 | D:3      | Identified the ring "Xohezuax" {rElec AC+4 Stlth+}
  2015 | D:3      | Noticed a bullfrog
  2032 | D:3      | HP: 1/61 [bullfrog (4)]
  2033 | D:3      | Slain by a bullfrog

Illustrated notes

Levels and vault maps discovered:
D:1:      dpeg_arrival_shelter, layout_loops_ring
D:2:      layout_rooms, basic_altar, serial_corexii_hall,
          corexii_hall_statues_i, corexii_hall_statues_x,
          corexii_hall_statues_s, corexii_hall_statues_deadend,
          chequers_serial_rivers_small_3
D:3:      layout_loops_ring, gammafunk_ghost_icy, minivault_11

Skill      XL: |  1  2 |
---------------+-------+-----
Dodging        | 3 |  3.0
Fighting       | |  4.8
Axes           | |  3.6
Stealth        | |  0.1

Action                   || total
-------------------------++-------
Melee: Hand axe          ||    73
       Scimitar          ||    29
Invok: Berserk           ||     1
  Use: Scroll            ||     3
Armor: Animal skin       ||    23
Dodge: Dodged            ||    59

Table legend: (Time is in decaauts)
 A = Elapsed time spent in this place.
 B = Non-inter-level travel time spent in this place.
 C = Inter-level travel time spent in this place.
 D = Time resting spent in this place.
 E = Time spent auto-exploring this place.
 F = Levels seen in this place.
 G = Mean time per level.
                   A        B        C        D        E       F      G
               +--------+--------+--------+--------+--------+-----+--------+
         Total |   2105 |   2105 |      0 |    311 |      0 |   3 |  701.7 |
       Dungeon |   2105 |   2105 |      0 |    311 |      0 |   3 |  701.7 |
               +--------+--------+--------+--------+--------+-----+--------+

Top non-repeatable levels by time:
     D:2: 1089 daAuts
     D:1: 828 daAuts
     D:3: 187 daAuts
